 Dungeon Crawl Stone Soup version 0.21-a0-71-g5e5ddd2 (webtiles) character file.

76 uglyjohn the Slasher (level 4, 0/35 HPs)
             Began as a Formicid Fighter on June 19, 2017.
             Killed by nerve-wracking pain
             ... invoked by an orc priest
              (10 damage)
             ... on level 3 of the Dungeon.
             The game lasted 00:02:57 (1951 turns).

uglyjohn the Slasher (Formicid Fighter)             Turns: 1951, Time: 00:02:58

Health: 0/35       AC:  6    Str: 21    XL:     4   Next: 57%
Magic:  4/4        EV:  7    Int:  8    God:
Gold:   59         SH:  9    Dex: 10    Spells: 3/3 levels left

rFire    . . .     SeeInvis +   a - +0 long sword
rCold    . . .     Gourm    .   c - +0 shield
rNeg     . . .     Faith    .   b - +0 scale mail
rPois    .         Spirit   .   (helmet unavailable)
rElec    .         Reflect  .   (no cloak)
rCorr    .         Harm     .   (no gloves)
MR       .....                  (no boots)
Stlth    ..........             (no amulet)
HPRegen  0.11/turn              (no ring)
MPRegen  0.09/turn              (no ring)

@: no status effects
A: permanent stasis, dig shafts and tunnels, four strong arms, antennae 3
a: Dig, Shaft Self


You were on level 3 of the Dungeon.
You were not hungry.

You visited 1 branch of the dungeon, and saw 3 of its levels.

You collected 59 gold pieces.

Inventory:

Hand Weapons
 a - a +0 long sword (weapon)
Armour
 b - a +0 scale mail (worn)
 c - a +0 shield (worn)
Jewellery
 e - an uncursed ring of flight {unknown}
 g - an uncursed ring of magical power {unknown}
 q - a +5 ring of evasion {unknown}
Scrolls
 i - 4 scrolls of identify {unknown}
 n - a scroll of teleportation {unknown}
 o - 4 scrolls of fog {unknown}
 r - a scroll of immolation {unknown}
 t - a scroll of recharging {unknown}
 u - a scroll of enchant armour {unknown}
 v - a scroll of amnesia {unknown}
Potions
 d - 2 potions of might
 j - a potion of flight {unknown}
 k - a potion of agility {unknown}
 l - 2 potions of brilliance {unknown}
 m - a potion of degeneration {unknown}
 s - a potion of curing {unknown}
Comestibles
 f - 4 bread rations
 h - a meat ration
 p - 3 chunks of flesh


   Skills:
 - Level 3.2 Fighting
 + Level 4.4 Long Blades
 - Level 3.2 Armour
 - Level 3.6 Shields


You had 3 spell levels left.
You didn't know any spells.

Dungeon Overview and Level Annotations

Branches:
Dungeon (3/15)

Altars:
Cheibriados


Innate Abilities, Weirdness & Mutations

You cannot be hasted, slowed, berserked, paralysed or teleported.
You can dig through walls and to a lower floor.
Your four strong arms can wield two-handed weapons with a shield.
You have a pair of large antennae on your head. (SInv)


Message History

The orc priest is severely wounded.
The orc priest hits you but does no damage.
You hit the orc priest.
The orc priest is severely wounded.
The orc priest invokes the aid of Beogh against you.
Beogh smites you!
You are too injured to fight recklessly!
You are too injured to fight recklessly!
You are too injured to fight recklessly!
You are too injured to fight recklessly!
You barely miss the orc priest.
The orc priest is severely wounded.
The orc priest hits you with a short sword.
* * * LOW HITPOINT WARNING * * *
You block the orc priest's attack.
You barely miss the orc priest.
The orc priest is severely wounded.
The orc priest calls down the wrath of Beogh upon you.
Pain shoots through your body!
You die...

# #..# #.#..# .#..#
.... #..# #..# ##
#..#####>..##
#....@ooo....
...#####.########.#.
#.....<.# #.#######


You could see an orc priest, an orc wizard and an orc.

Vanquished Creatures
  An adder (D:2)
  2 oozes
  A worm (D:2)
  7 dart slugs
  2 leopard geckos (D:1)
  An orc (D:3)
  A bat (D:2)
  4 goblins (D:1)
  7 hobgoblins
  2 jackals (D:1)
  8 frilled lizards
  3 kobolds
  A rat (D:2)
40 creatures vanquished.

Notes
Turn   | Place    | Note
-------+----------+-------------------------------------------
     0 | D:1      | uglyjohn the Formicid Fighter began the quest for the Orb.
     0 | D:1      | Reached XP level 1. HP: 18/18 MP: 1/1
   236 | D:1      | Reached XP level 2. HP: 24/24 MP: 2/2
   297 | D:1      | Reached skill level 3 in Long Blades
   433 | D:1      | Reached XP level 3. HP: 29/29 MP: 3/3
  1325 | D:2      | Reached skill level 4 in Long Blades
  1325 | D:2      | Reached XP level 4. HP: 32/35 MP: 4/4
  1370 | D:2      | Found a snail-covered altar of Cheibriados.
  1951 | D:3      | Killed from afar by an orc priest

Vault maps used:
D:1:      dpeg_arrival_rooms_a
D:2:      first_bread, cheibriados_altar_1

Skill      XL: |  1  2  3 |
---------------+----------+-----
Long Blades    | 3 4 |  4.4
Fighting       | |  3.2
Armour         | |  3.2
Shields        | |  3.6

Action                   |  1- 3 |  4- 6 || total
-------------------------+-------+-------++-------
Melee: Long sword        |   108 |    54 ||   162
  Eat: Chunk             |     1 |     3 ||     4
Armor: Scale mail        |    33 |    11 ||    44
Dodge: Dodged            |    25 |     8 ||    33
Block: Shield            |    56 |    24 ||    80
       Rpst.: Long sword |     5 |     2 ||     7
